 Dungeon Crawl Stone Soup version 0.30-a0-743-gbfdf073431 (webtiles) character file.

Game seed: 6853054654785619769

164 tio the Grave Robber (level 5, -9/36 HPs)
             Began as a Demonspawn Necromancer on Feb 8, 2023.
             Killed by divine providence
             ... invoked by an orc priest
              (11 damage)
             ... on level 3 of the Dungeon.
             The game lasted 00:16:27 (3386 turns).

tio the Grave Robber (Demonspawn Necromancer)       Turns: 3386, Time: 00:16:28

Health: -9/36      AC:  4    Str: 10    XL:     5   Next: 21%
Magic:  0/10       EV: 14    Int: 17    God:
Gold:   117        SH:  0    Dex: 13    Spells: 10/11 levels left

rFire   . . .      SeeInvis .    h - +1 spear
rCold   . . .      Faith    .    (no shield)
rNeg    . . .      Spirit   +    a - +0 robe
rPois   .          Reflect  .    d - +2 hat of the Bear Spirit {Spirit, Bear, *Rage Will++}
rElec   .          Harm     .    (no cloak)
rCorr   .          Rampage  .    (no gloves)
Will    ++...      Rage     20%  (no boots)
Stlth   ++                       i - amulet of magic regeneration
HPRegen 0.26/turn                (no ring)
MPRegen 0.52/turn                (no ring)

@: on berserk cooldown
A: repulsion field 1, demonic guardian 1
a: no special abilities


You were on level 3 of the Dungeon.
You visited 1 branch of the dungeon, and saw 4 of its levels.

You collected 117 gold pieces.

Inventory:

Hand Weapons
 h - a +1 spear (weapon)
 n - the +2 lajatang "Gaficenu" {flame, Drain rPois Str+3 Dex+5}
   (You found it on level 3 of the Dungeon)

   Str:       It affects your strength (+3).
   Dex:       It affects your dexterity (+5).
   rPois:     It protects you from poison.
   Drain:     It drains your maximum health when unequipped.
Missiles
 o - 2 throwing nets
Armour
 a - a +0 robe (worn)
 d - the +2 hat of the Bear Spirit (worn) {Spirit, Bear, *Rage Will++}
   (You acquired it on level 2 of the Dungeon)

   Bear:      Going berserk makes the wearer tougher, and they're slowed less
   afterward.
   *Rage:     It berserks you when you make melee attacks (+20% chance).
   Will:      It greatly increases your willpower.
 k - a +1 helmet
Jewellery
 i - an amulet of magic regeneration (around neck)
 j - an amulet of the acrobat
Potions
 b - a potion of magic
 e - a potion of mutation
 f - a potion of degeneration
 g - a potion of lignification


   Skills:
 + Level 0.6 Fighting
 + Level 0.1 Short Blades
 + Level 0.1 Polearms
 + Level 1.9 Dodging
 + Level 1.9 Stealth
 + Level 3.5 Spellcasting
 + Level 5.9 Necromancy


You had 10 spell levels left.
You knew the following spells:

 Your Spells              Type           Power      Damage    Failure   Level
a - Necrotise             Necr           92%        1d8       1%          1

Your spell library contained the following spells:

 Spells                   Type           Power      Damage    Failure   Level
 Vampiric Draining        Necr           23%        2d7       4%          3
 Animate Dead             Necr           23%        N/A       14%         4
 Agony                    Necr           23%        N/A       38%         5
 Tukima's Dance           Hex            2%         N/A       45%         3
 Passage of Golubria      Tloc           2%         N/A       86%         4
 Yara's Violent Unravell  Hex/Tmut       1%         3d3       99%         5


Dungeon Overview and Level Annotations

Branches:
Dungeon (4/15)
 Temple: D:4-7

Altars:


Innate Abilities, Weirdness & Mutations

You are surrounded by a mild repulsion field. (EV +2)
A weak demonic guardian rushes to your aid.


Message History

The orc misses you.
The orc priest looks braver for a moment.
Your jackal skeleton bites the orc priest but does no damage.
The orc priest looks braver for a moment.
The orc hits you with a +0 club. The orc attacks as you move away!
The orc hits you with a +0 club.
Your jackal skeleton crumbles into dust!
The orc priest misses you. The orc closely misses you.
The orc barely misses you.
The orc priest hits you with a +0 dagger.
* * * LOW HITPOINT WARNING * * *
There is a stone staircase leading up, spattered with blood here.
Magic restored.
The orc hits you with a +0 club.
* * * LOW HITPOINT WARNING * * *
The orc priest hits you with a +0 dagger.
* * * LOW HITPOINT WARNING * * *
A demonic guardian appears!
You climb upwards.
There is a stone staircase leading down here.
The orc hits you with a +0 club.
The orc priest hits you but does no damage.
The orc hits you but does no damage.
The orc priest hits you but does no damage.
You climb downwards.
There is a stone staircase leading up, spattered with blood here.
Magic restored.
The orc closely misses you. The orc priest barely misses you.
You climb upwards.
There is a stone staircase leading down here.
You hit the orc priest.
The orc priest is severely wounded.
You feel yourself speed up.
The orc priest hits you but does no damage.
The orc hits you but does no damage. The orc misses you.
The orc priest calls down the wrath of Beogh upon you.
Beogh smites you!
* * * LOW HITPOINT WARNING * * *
A demonic guardian appears!
The orc priest mumbles some strange prayers to Beogh against you.
Beogh smites you!
You die...

....<....##.#### #.#.#
.#####.#.##.##.# #.#.#
.........#####.###.#.#
..####...#...........#
.#####>..#####.#.#..##
..........####.#.#...#
.######..........#...#
.#######..#.#.##.#...#
...............#@....#
#########.#....o>5##.#
#.#.#.###o##.#
#########.#.#.# #.##.#
#.........#...# #.##.#
#.............# #.##.#
#.............# #.##.#
'.............# #.##.#
#.............# #.##.#


You could see an orc priest, an orc (ally target) and a friendly white imp
(summoned).

Vanquished Creatures
  Natasha (D:3)
  Robin (D:2)
  2 adders (D:2)
  2 dart slugs
  3 orcs (D:4)
  10 endoplasms
  2 giant cockroaches (D:2)
  15 goblins
  8 hobgoblins
  7 jackals
  3 quokkas
  5 ball pythons
  8 bats
  3 frilled lizards (D:1)
  4 kobolds
  7 rats
81 creatures vanquished.

Vanquished Creatures (collateral kills)
  2 dart slugs
  2 orcs (D:4)
  A ball python (D:2)
  A jackal (D:4)
  A bat (D:1)
7 creatures vanquished.

Grand Total: 88 creatures vanquished

Notes
Turn   | Place    | Note
-------+----------+-------------------------------------------
     0 | D:1      | tio the Demonspawn Necromancer began the quest for the Orb.
     0 | D:1      | Reached XP level 1. HP: 13/13 MP: 3/3
   122 | D:1      | Gained mutation: A weak demonic guardian rushes to your
                  | aid. [demonic ancestry]
   122 | D:1      | Reached XP level 2. HP: 18/19 MP: 0/5
   467 | D:1      | Found a faded altar of an unknown god.
   706 | D:1      | Reached skill level 5 in Necromancy
   824 | D:1      | Reached XP level 3. HP: 24/24 MP: 3/6
  1696 | D:2      | Noticed Robin
  1737 | D:2      | Killed Robin
  1818 | D:2      | Reached XP level 4. HP: 30/30 MP: 6/8
  2368 | D:2      | Identified a scroll of acquirement
  2368 | D:2      | Acquired the +2 hat of the Bear Spirit {Spirit, Bear, *Rage
                  | Will++}
  2368 | D:2      | Found the +2 hat of the Bear Spirit {Spirit, Bear, *Rage
                  | Will++}
  2456 | D:3      | Noticed Natasha
  2470 | D:3      | Killed Natasha
  2703 | D:3      | Gained mutation: You are surrounded by a mild repulsion
                  | field. (EV +2) [demonic ancestry]
  2703 | D:3      | Reached XP level 5. HP: 36/36 MP: 7/9
  2921 | D:3      | Identified the +2 lajatang "Gaficenu" {flame, Drain rPois
                  | Str+3 Dex+5}
  3386 | D:3      | Killed from afar by an orc priest

Illustrated notes

Levels and vault maps discovered:
D:1:      doesnt_arrival_eight_statues, layout_basic,
          ebering_ecumenical_altar_hall
D:2:      layout_basic, chequers_serial_rivers_marsh, uniq_robin
D:3:      layout_basic, uniq_natasha
D:4:      layout_loops_ring, serial_shops, kennysheep_mini,
          biasface_ghost_orc_armoury, minmay_checkerbox

Skill      XL: |  1  2  3  4 |
---------------+-------------+-----
Necromancy     | 5 |  5.9
Spellcasting   | 3 |  3.5
Fighting       | |  0.6
Short Blades   | |  0.1
Polearms       | |  0.1
Dodging        | |  1.9
Stealth        | |  1.9

Action                     |  1- 3 |  4- 6 || total
---------------------------+-------+-------++-------
  Melee: Short sword       |     4 |       ||     4
         Unarmed           |     2 |       ||     2
         Spear             |     8 |    19 ||    27
   Cast: Necrotise         |    76 |    64 ||   140
    Use: Scroll            |     2 |     7 ||     9
 Armour: Robe              |     3 |     9 ||    12
  Dodge: Dodged            |    18 |    32 ||    50

Table legend: (Time is in decaauts)
 A = Elapsed time spent in this place.
 B = Non-inter-level travel time spent in this place.
 C = Inter-level travel time spent in this place.
 D = Time resting spent in this place.
 E = Time spent auto-exploring this place.
 F = Levels seen in this place.
 G = Mean time per level.
                   A        B        C        D        E       F      G
               +--------+--------+--------+--------+--------+-----+--------+
         Total |   3407 |   3328 |     79 |      0 |   2817 |   4 |  851.8 |
       Dungeon |   3407 |   3328 |     79 |      0 |   2817 |   4 |  851.8 |
               +--------+--------+--------+--------+--------+-----+--------+

Top non-repeatable levels by time:
     D:1: 1376 daAuts
     D:2: 1018 daAuts
     D:3: 958 daAuts
     D:4: 53 daAuts
